 Dungeon Crawl Stone Soup version 0.20-a0-942-ga5226df (webtiles) character file.

85 M4edhros the Grave Robber (level 4, -2/27 HPs)
             Began as an Octopode Necromancer on Apr 1, 2017.
             Killed by nerve-wracking pain
             ... invoked by an orc priest
              (7 damage)
             ... on level 3 of the Dungeon.
             The game lasted 00:04:12 (537 turns).

M4edhros the Grave Robber (Octopode Necromancer)     Turns: 537, Time: 00:04:12

Health: -2/27      AC:  1    Str:  7    XL:     4   Next: 48%
Magic:  2/7        EV: 19    Int: 17    God:
Gold:   43         SH:  0    Dex: 18    Spells: 2/7 levels left

rFire    . . .     SeeInvis .   c - +1 short sword (venom)
rCold    . . .     Gourm    .   (no shield)
rNeg     . . .     Faith    .   (helmet restricted)
rPois    .         Spirit   .   (no amulet)
rElec    .         Reflect  .   (no ring)
rCorr    .         Harm     .   (no ring)
MR       .....                  (no ring)
Stlth    ++++......             (no ring)
Regen    0.1/turn               (no ring)
MPRegen  0.1/turn               (no ring)
                                (no ring)
                                (no ring)

@: agile
A: almost no armour, stealthy swim, amphibious, 8 rings, constrict 8, camouflage
1, gelatinous body 1
a: no special abilities


You were on level 3 of the Dungeon.
You were not hungry.

You visited 1 branch of the dungeon, and saw 3 of its levels.

You collected 43 gold pieces.

Inventory:

Hand Weapons
 c - a +1 short sword of venom (weapon)
Scrolls
 f - 2 scrolls of remove curse
 g - 2 scrolls of identify
Potions
 e - a potion of brilliance
Books
 a - a book of Necromancy

   Spells                             Type                      Level
   a - Pain                           Necromancy                   1
   b - Animate Skeleton               Necromancy                   1
   c - Vampiric Draining              Necromancy                   3
   d - Regeneration                   Charms/Necromancy            3
   e - Animate Dead                   Necromancy                   4
   f - Control Undead                 Necromancy                   4
Comestibles
 b - a bread ration
 d - 9 chunks of flesh
 h - 4 fruits


   Skills:
 - Level 2.0 Dodging
 - Level 2.6 Stealth
 + Level 3.9 Unarmed Combat
 - Level 2.0 Spellcasting
 - Level 4.0 Necromancy


You had 2 spell levels left.
You knew the following spells:

 Your Spells              Type           Power        Failure   Level  Hunger
a - Pain                  Necr           ###.         3%          1    #......
b - Animate Skeleton      Necr           N/A          3%          1    #......
c - Regeneration          Chrm/Necr      #.........   24%         3    ###....


Dungeon Overview and Level Annotations

Branches:
Dungeon (3/15)

Altars:
Vehumet
Xom


Innate Abilities, Weirdness & Mutations

You cannot wear most types of armour.
You are very stealthy in the water. (Stealth+)
You are amphibious.
You can wear up to eight rings at the same time.
You can use your tentacles to constrict eight enemies at once.
Your skin changes colour to match your surroundings (Stealth+).
Your rubbery body absorbs attacks. (AC +1, EV +1)


Message History

Your skin is crawling a little less now.
Casting: Regeneration
Confirm with . or Enter, or press ? or * to list all spells.
Aiming: Pain
Press: ? - help, Shift-Dir - straight line, f - orc priest
Aim: an orc priest, wielding a flail of holy wrath (heavily wounded, chance to defeat MR: 73%)
The orc priest struggles to resist.
Casting: Pain
Confirm with . or Enter, or press ? or * to list all spells.
Aiming: Pain
Press: ? - help, Shift-Dir - straight line, f/p - orc priest
Aim: an orc priest, wielding a flail of holy wrath (heavily wounded, chance to defeat MR: 73%)
The orc priest writhes in agony!
Your skin stops crawling.
You hit the orc priest.
The orc priest is poisoned.
Your grab misses the orc priest.
The orc priest is almost dead.
The orc priest invokes the aid of Beogh against you.
Pain shoots through your body!
You die...

#.# #.........#+#.# ## #.#
###...........# #. #.#
##.....(.....# #.
#.####.........)..#####.
#.#......._.......##....
#.#.............).##.###
#######.####..#########.##.# #
........)..........#....##.###
#######.###.#@####.#......)[.'
#.# #.o.# #.######..###
###o####### #.# ##.# #
#).)†...# #.# ###.###
#.))....# #Z####.......
#.§.....# ###........####
#.......# #..Z.......+...
#......... #..........####
#..........#....######..


You could see an orc priest.

Vanquished Creatures
  An orc priest (D:3)
  2 adders (D:2)
  2 leopard geckos
  5 orcs
  2 bats
  A giant cockroach (D:1)
  3 goblins
  2 hobgoblins (D:3)
  2 kobolds
  A frilled lizard (D:1)
  3 rats
24 creatures vanquished.

Vanquished Creatures (collateral kills)
  An adder (D:2)
1 creature vanquished.

Grand Total: 25 creatures vanquished

Notes
Turn   | Place    | Note
-------+----------+-------------------------------------------
     0 | D:1      | M4edhros the Octopode Necromancer began the quest for the Orb.
     0 | D:1      | Reached XP level 1. HP: 11/11 MP: 3/3
    11 | D:1      | Learned a level 1 spell: Animate Skeleton
    33 | D:1      | Reached skill level 1 in Unarmed Combat
   117 | D:3      | Noticed an orc priest
   117 | D:3      | Noticed an orc wizard
   136 | D:2      | Reached XP level 2. HP: 12/17 MP: 5/5
   166 | D:2      | Reached XP level 3. HP: 8/21 MP: 6/6
   171 | D:2      | Learned a level 3 spell: Regeneration
   391 | D:3      | Found a shimmering altar of Xom.
   418 | D:3      | Found a radiant altar of Vehumet.
   443 | D:3      | Reached XP level 4. HP: 21/27 MP: 7/7
   519 | D:3      | HP: 1/27 [orc/hand axe (3)]
   537 | D:3      | Killed from afar by an orc priest

Vault maps used:
D:1:      dpeg_arrival_arbitrary_b
D:2:      lemuel_zombie_altar_kikubaaqudgha
D:3:      overflow_temple_1_default, lemuel_doored_altar,
          okawaru_metal_pillars_3, uniq_crazy_yiuf_cottage

Skill      XL: |  1  2  3 |
---------------+----------+-----
Unarmed Combat | 1 2 3 |  3.9
Dodging        | |  2.0
Stealth        | |  2.6
Spellcasting   | |  2.0
Necromancy     | |  4.0

Action                   |  1- 3 |  4- 6 || total
-------------------------+-------+-------++-------
Melee: Short sword       |    33 |    12 ||    45
       Constrict         |    10 |     5 ||    15
       Tentacles         |     5 |     1 ||     6
       Unarmed           |     1 |       ||     1
 Cast: Animate Skeleton  |     8 |     1 ||     9
       Regeneration      |     2 |     1 ||     3
       Pain              |       |     2 ||     2
  Use: Potion            |     1 |     1 ||     2
       Scroll            |       |     1 ||     1
 Stab: Sleeping          |     4 |       ||     4
Armor: Skin              |     4 |     3 ||     7
Dodge: Dodged            |    17 |     4 ||    21
